 Dungeon Crawl Stone Soup version 0.29.1-2-gbd0b4ee654 (webtiles) character file.

Game seed: 11275898971752592027

51 safid the Shooter (level 3, -11/33 HPs)
             Began as a Minotaur Hunter on Oct 24, 2022.
             Killed by divine providence
             ... invoked by an orc priest
              (13 damage)
             ... on level 2 of the Dungeon.
             The game lasted 00:01:56 (730 turns).

safid the Shooter (Minotaur Hunter)                  Turns: 730, Time: 00:01:56

Health: -11/33     AC:  3    Str: 15    XL:     3   Next: 58%
Magic:  2/2        EV: 12    Int:  6    God:
Gold:   87         SH:  0    Dex: 15    Spells: 2/2 levels left

rFire   . . .      SeeInvis .   a - +0 shortbow
rCold   . . .      Faith    .   (shield currently unavailable)
rNeg    . . .      Spirit   .   c - +0 leather armour
rPois   .          Reflect  .   (helmet restricted)
rElec   .          Harm     .   (no cloak)
rCorr   .          Rampage  .   (no gloves)
Will    .....                   (no boots)
Stlth   +.........              (no amulet)
HPRegen 0.11/turn               (no ring)
MPRegen 0.08/turn               (no ring)

@: no status effects
A: horns 2, retaliatory headbutt
a: no special abilities


You were on level 2 of the Dungeon.
You visited 1 branch of the dungeon, and saw 2 of its levels.

You collected 87 gold pieces.

Inventory:

Hand Weapons
 a - a +0 shortbow (weapon)
Armour
 c - a +0 leather armour (worn)
Jewellery
 d - a ring of ice
 e - a ring of ice
Scrolls
 b - 2 scrolls of immolation
 f - 2 scrolls of identify {unknown}
Potions
 g - a potion of degeneration {unknown}
 h - a potion of lignification {unknown}


   Skills:
 + Level 3.8 Fighting
 + Level 5.2 Ranged Weapons
 - Level 2.1 Dodging
 - Level 0.7 Stealth


You had 2 spell levels left.
You didn't know any spells.
Your spell library contained the following spells:

 Spells                   Type           Power      Damage    Failure   Level
 Corpse Rot               Necr/Pois/Air  0%         N/A       99%         4
 Dispel Undead            Necr           0%         3d6       99%         4
 Death Channel            Necr           0%         N/A       100%        6


Dungeon Overview and Level Annotations

Branches:
Dungeon (2/15)

Altars:
Uskayaw

Shops:
D:2 ((


Innate Abilities, Weirdness & Mutations

You have a pair of horns on your head.
You reflexively headbutt those who attack you in melee.


Message History

The arrow hits the orc priest but does no damage.
A rat comes into view.
The orc priest looks encouraged for a moment.
The orc hits you with a +0 whip.
The orc priest attacks as you move away!
The orc priest hits you with a +0 short sword.
The orc priest invokes the aid of Beogh against you.
Pain shoots through your body!
You shoot an arrow. The arrow hits the orc.
The orc is heavily wounded.
The orc hits you with a +0 whip.
You are too injured to fight recklessly!
You are too injured to fight recklessly!
You are too injured to fight recklessly!
You are too injured to fight recklessly!
Fire: a) +0 shortbow
Press: ? - help, Q - select action Shift-Dir - straight line, f/p - orc
Aim: an orc, wielding a +0 whip and wearing a +0 ring mail (heavily wounded, 65% to hit)
You shoot an arrow. The arrow hits the orc!
You kill the orc!
Fire: a) +0 shortbow
Press: ? - help, Q - select action Shift-Dir - straight line, f - orc priest
Aim: an orc priest, wielding a +0 short sword and wearing a +0 ring mail (65% to hit)
You shoot an arrow.
The arrow closely misses the orc priest.
The arrow hits the rat.
You kill the rat!
The orc priest calls down the wrath of Beogh upon you.
Beogh smites you!
* * * LOW HITPOINT WARNING * * *
Fire: a) +0 shortbow
Press: ? - help, Q - select action Shift-Dir - straight line, f/p - orc priest
Aim: an orc priest, wielding a +0 short sword and wearing a +0 ring mail (65% to hit)
You shoot an arrow. The arrow hits the orc priest!
The orc priest is severely wounded.
The orc priest hits you with a +0 short sword.
* * * LOW HITPOINT WARNING * * *
The orc priest invokes the aid of Beogh against you.
Beogh smites you!
You die...

.........#.#
..<.###.
.#....#....#
.....#..
......†)...###
........
.............#
........
#.†...#.#
......#
##....#.#
†....#
#....#†###
....#
#o#......#
<..###
#@####.#.#
)....# #.#
#.#.# .†.###
#.# #.#.#
....## #..
..#.# ...†.# .
### ####.#
.∩...#
...######.##.#
.....#
.............#
....#+
.............#
...###
.....###.....#


You could see an orc priest.

Vanquished Creatures
  2 adders (D:2)
  2 orcs (D:2)
  4 bats
  3 endoplasms (D:1)
  A giant cockroach (D:1)
  3 goblins (D:1)
  3 hobgoblins
  A quokka (D:1)
  3 ball pythons
  4 frilled lizards
  3 kobolds
  3 rats
32 creatures vanquished.

Notes
Turn   | Place    | Note
-------+----------+-------------------------------------------
     0 | D:1      | safid the Minotaur Hunter began the quest for the Orb.
     0 | D:1      | Reached XP level 1. HP: 18/18 MP: 0/0
   117 | D:1      | Reached XP level 2. HP: 26/26 MP: 1/1
   278 | D:1      | Found a faded altar of an unknown god.
   612 | D:2      | Found Buosiji Manu's Weapon Emporium.
   656 | D:2      | Found Otuxor's Weapon Shoppe.
   669 | D:2      | Found a hide-covered altar of Uskayaw.
   676 | D:2      | Reached skill level 5 in Ranged Weapons
   676 | D:2      | Reached XP level 3. HP: 31/31 MP: 2/2
   730 | D:2      | Killed from afar by an orc priest

Illustrated notes

Levels and vault maps discovered:
D:1:      minmay_arrival_radiant_lines, layout_rooms, basic_ecumenical_altar
D:2:      minmay_skewed_foursquare, layout_loops_corners, serial_shops,
          nicolae_square_shop, shop, nicolae_shop_bloodbath_and_beyond,
          nicolae_lakefront_shop, shop, basic_altar, skrybe_limestone_x,
          wad_floor_pattern_untrapped, minmay_small_reverse_x

Skill      XL: |  1  2 |
---------------+-------+-----
Fighting       | 3 |  3.8
Ranged Weapons | 5 |  5.2
Dodging        | |  2.1
Stealth        | |  0.7

Action                   || total
-------------------------++-------
 Fire: Shortbow          ||    80
Armor: Leather armour    ||     9
Dodge: Dodged            ||    19
